 Dungeon Sprint DCSS version 0.22.1-2-g9c5b331 (webtiles) character file.

540820 diana the Conqueror (level 21, 0/203 (204) HPs)
             Began as a Demonspawn Gladiator on Nov 29, 2018.
             Was the Champion of Okawaru.
             Engulfed by Gloorx Vloq's foul pestilence (1 damage)
             ... in the Dungeon (Sprint IX: "|||||||||||||||||||||||||||||").
             The game lasted 01:01:19 (15091 turns).

diana the Conqueror (Demonspawn Gladiator)         Turns: 15091, Time: 01:01:20

HP:   0/203 (204)   AC: 44    Str: 37    XL:     21   Next: 87%
MP:   0/52          EV: 39    Int: 10    God:    Okawaru [******]
Gold: 592           SH:  0    Dex: 27    Spells: 74/74 levels left

rFire    . . .     SeeInvis .   L - +9 lajatang (protect)
rCold    + + +     Gourm    .   (shield currently unavailable)
rNeg     . . .     Faith    .   c - +4 ice dragon scales
rPois    .         Spirit   +   F - +1 helmet of Oblivion {rF+ Int+2 Dex+4}
rElec    .         Reflect  .   C - +0 cloak "Joikauri" {rC- Regen+ Str+9 Int-2}
rCorr    +         Harm     .   A - +2 pair of gloves
MR       +....     Rnd*Rage +   (boots unavailable) Stlth ++++......NoTele +
                                (no amulet)
HPRegen  1.23/turn              w - ring "Ruqoocoxt" {rC+ Str+5 Dex-3 Slay+4}
MPRegen  0.66/turn              b - ring "Ucitodgh" {*Slow Str+3 Dex+4 Slay+3}

@: agile, lethally poisoned (0 -> -10), protection aura, hasted, silenced, very
quick
A: talons 3, yellow scales 3, berserk 1, cold resistance 1, dopey 1,
nightstalker 1, regeneration 1, shaggy fur 1, magic shield, magic regeneration,
magic link
0: Orb of Zot
}: 9/17 runes: decaying, serpentine, barnacled, slimy, elven, silver, golden,
abyssal, gossamer
a: Renounce Religion


You were in the Dungeon.
You worshipped Okawaru.
Okawaru was exalted by your worship.
You were not hungry.

You visited 1 branch You collected 1973 gold pieces.
You spent 1381 gold pieces at shops.

Inventory:

Hand Weapons
 j - the +6 quarterstaff of Zesuis {freeze, rC++}
   (Okawaru gifted it to you in the Dungeon)

   It has been specially enchanted to freeze those struck by it, causing extra
   injury to most foes and up to half again as much damage against particularly
   susceptible opponents.
   It can also slow down cold-blooded creatures.
   It greatly protects you from cold.
 q - a +3 quick blade
 z - a +0 dagger of draining
 G - a +0 lajatang of speed
 L - a +9 lajatang of protection (weapon)
Missiles
 a - 37 javelins of returning
 d - 3 throwing nets
 o - 10 poisoned javelins (quivered)
 t - 5 javelins of penetration
Armour
 c - +4 ice dragon scales (worn)
 p - +0 storm dragon scales
 A - a +2 pair of gloves (worn)
 B - a scarf of cloud immunity
 C - the +0 cloak "Joikauri" (worn) {rC- Regen+ Str+9 Int-2}
   (You found it in the Dungeon)

   It affects your strength (+9).
   It affects your intelligence (-2).
   It makes you vulnerable to cold.
   It increases your rate of regeneration.
 E - a +4 ring mail of magic resistance
 F - the +1 helmet of Oblivion (worn) {rF+ Int+2 Dex+4}
   (You found it in the Dungeon)

   It affects your intelligence (+2).
   It affects your dexterity (+4).
   It protects you from fire.
Jewellery
 b - the ring "Ucitodgh" (right hand) {*Slow Str+3 Dex+4 Slay+3}
   (You found it in the Dungeon)

   [ring of slaying]

   It affects your strength (+3).
   It affects your dexterity (+4).
   It affects your accuracy and damage with ranged weapons and melee attacks
   (+3).
   It may slow you when you take damage.
 r - the ring of Free Will {Int+3 SInv}
   (You found it in the Dungeon)

   [ring of see invisible]

   It affects your intelligence (+3).
   It lets you see invisible.
 s - the ring "Vaasa" {+Fly rF+++ AC+3 Str-4 Int+4}
   (You found it in the Dungeon)

   [ring of protection]

   It affects your AC (+3).
   It affects your strength (-4).
   It affects your intelligence (+4).
   It renders you almost immune to fire.
   It lets you fly.
 w - the ring "Ruqoocoxt" (left hand) {rC+ Str+5 Dex-3 Slay+4}
   (You found it in the Dungeon)

   [ring of strength]

   It affects your strength (+5).
   It affects your dexterity (-3).
   It affects your accuracy and damage with ranged weapons and melee attacks
   (+4).
   It protects you from cold.
 x - a +5 ring of strength
 y - a +4 ring of evasion
Wands
 n - a wand of iceblast (7)
Scrolls
 k - a scroll of blinking
 l - 2 scrolls of remove curse
 m - 2 scrolls of amnesia
 u - 5 scrolls of fog
 v - 6 scrolls of fear
 I - a scroll of identify
 K - 2 scrolls of enchant weapon
Potions
 e - 2 potions of curing
 g - a potion of invisibility
 h - 8 potions of haste
 i - 3 potions of magic
 H - a potion of brilliance
 P - 2 potions of berserk rage
Miscellaneous
 D - the horn of Geryon
Comestibles
 f - 6 rations


   Skills:
 O Level 27 Fighting
 O Level 27 Short Blades
 + Level 23.1 Staves
 - Level 22.9 Throwing
 + Level 24.0 Armour
 + Level 24.1 Dodging
 O Level 27 Stealth
 O Level 27 Spellcasting
 O Level 27 Invocations
 + Level 19.5 Evocations


You had 74 spell levels left.
You didn't know any spells.
Your spell library contained the following spells:

 Spells                   Type           Power        Failure   Level  Hunger
 Gell's Gravitas          Tloc           ##........   10%         3    None
 Portal Projectile        Hex/Tloc       ##....       10%         3    None
 Force Lance              Conj/Tloc      ##......     32%         4    None
 Dispersal                Tloc           ##........   99%         6    #####..
 Controlled Blink         Tloc           N/A          100%        8    #######
 Disjunction              Tloc           ##........   100%        8    #######


Dungeon Overview and Level Annotations

Branches:
Dungeon (1/1)

Altars:
Cheibriados
Dithmenos
Elyvilon
Fedhas
Gozag
Hepliaklqana
Kikubaaqudgha
Makhleb
Nemelex Xobeh
Okawaru
Qazlal
Ru
Sif Muna
Trog
Uskayaw
Vehumet
Wu Jian
Xom
Yredelemnul
Zin
The Shining One
Beogh
Jiyva
Lugonu

Shops:
D [=([

Annotations:
D Antaeus, Ereshkigal, Gloorx Vloq


Innate Abilities, Weirdness & Mutations

You have claws for feet.
You are completely covered in yellow scales. (AC +4, rCorr)
Your flesh is cold resistant. (rC+)
You are slightly more attuned to the shadows.
When hurt, damage is shared between your health and your magic reserves.
You regenerate magic rapidly.
When low on magic, you restore magic in place of health.
You tend to lose your temper in combat.
You are dopey. (Int -2)
Your natural rate of healing is unusually fast.
You are covered in fur. (AC +1)


Message History

* * * LOW HITPOINT WARNING * * *
Gloorx Vloq gestures at you.
The foul vapour engulfs the Executioner.
The Executioner completely resists.
You miss the Executioner. You claw the Executioner!!
The Executioner is heavily wounded.
You are engulfed in dark miasma.
You are poisoned.
You feel your flesh rotting away!
* * * LOW HITPOINT WARNING * * *
You feel sick. The Executioner gestures at you. You resist with some effort.
Gloorx Vloq gestures.
Antaeus gestures at you. The bolt of lightning misses you.
The bolt of lightning misses the Executioner.
You closely miss the Executioner. You claw the Executioner!
The Executioner is severely wounded.
You are engulfed in dark miasma.
You are more poisoned.
You die...

.▓.▓.▓.♣.♣.▓.▓.▓)▓
.▓.▓.▓.♣.♣.▓.▓.▓.▓
[▓.▓.▓.♣(♣.▓.▓.▓.▓
)▓.▓.▓.▓(▓.▓.▓.▓.▓
)▓.▓.▓.▓)▓.▓.▓)▓§▓
)▓.▓'▓.▓)▓.▓'▓)▓.▓
)▓.▓.▓.▓[▓.▓.▓.▓.▓
.▓.▓'▓.▓(▓.▓.▓.▓1▓
.▓.▓.▓.▓)▓.▓.▓)▓@▓
.▓.▓'▓.▓)▓.▓.▓.▓C▓
'▓.▓.▓.▓.▓.▓.▓.▓2▓
)▓.▓'▓.▓)▓.▓.▓.▓&▓
)▓.▓.▓.▓.▓.▓.▓.▓1▓
.▓.▓.▓.▓)▓.▓.▓.▓§▓
.▓.▓.▓.▓)▓.▓.▓.▓&▓
.▓.▓)▓.▓.▓.▓'▓.▓.▓
.▓.▓.▓.▓.▓.▓.▓.▓.▓


You could see Antaeus, Gloorx Vloq, Ereshkigal, a reaper and 2 Executioners.

Vanquished Creatures
  the Royal Jelly (D)
  An ancient lich (D)
  3 orbs of fire (D)
  Sojobo (D)
  3 greater mummies (D)
  Boris (D)
  Frederick (D)
  Margery (D)
  2 Killer Klowns (D)
  3 curse toes (D)
  Geryon (D)
  4 golden dragons (D)
  A bone dragon (D)
  2 liches (D)
  4 electric golems (D)
  2 Brimstone Fiends (D)
  A hellephant (D)
  3 tentacled monstrosities (D)
  34 Orb Guardians (D)
  2 deep elf blademasters (D)
  2 deep elf master archers (D)
  12 sphinxes (D)
  10 acid blobs (D)
  An Executioner (D)
  A death cob (D)
  4 tengu reavers (D)
  8 shadow dragons (D)
  3 storm dragons (D)
  Agnes (D)
  Kirke (D)
  3 warmongers (D)
  Donald (D)
  Ilsuiw (D)
  3 fire giants (D)
  4 nagarajas (D)
  7 azure jellies (D)
  2 draconian monks (D)
  A corrupter (D)
  2 balrugs (D)
  4 ghost moths (D)
  2 deep elf sorcerers (D)
  A draconian scorcher (D)
  Louise (D)
  A frost giant (D)
  5 emperor scorpions (D)
  2 draconian shifters (D)
  A cacodemon (D)
  4 draconian stormcallers (D)
  A vault warden (D)
  A draconian annihilator (D)
  3 ironheart preservers (D)
  2 very ugly things (D)
  7 stone giants (D)
  2 reapers (D)
  2 deep elf demonologists (D)
  A green draconian (D)
  A lorocyproca (D)
  9 vampire knights (D)
  A blood saint (D)
  A deep elf annihilator (D)
  2 red draconians (D)
  4 white draconians (D)
  4 black draconians (D)
  5 purple draconians (D)
  2 yellow draconians (D)
  Snorg (D)
  4 deep elf death magi (D)
  2 merfolk javelineers (D)
  3 mummy priests (D)
  3 death oozes (D)
  5 ettins (D)
  3 fire dragons (D)
  2 ogre magi (D)
  5 yaktaur captains (D)
  2 rakshasas (D)
  6 merfolk impalers (D)
  3 naga warriors (D)
  4 great orbs of eyes (D)
  25 vault guards (D)
  A deep elf high priest (D)
  2 monstrous demonspawn (D)
  8 hydras (D)
  4 ice dragons (D)
  A merfolk avatar (D)
  A death knight (D)
  2 centaur warriors (D)
  2 alligators (D)
  A tengu warrior (D)
  4 merfolk aquamancers (D)
  Urug (D)
  A shock serpent (D)
  2 naga sharpshooters (D)
  3 spriggan berserkers (D)
  A small abomination (D)
  2 thrashing horrors (D)
  Sonja (D)
  A deep elf knight (D)
  3 soul eaters (D)
  5 sun demons (D)
  A cherub (D)
  A sea snake (D)
  5 hell knights (D)
  3 sixfirhies (D)
  4 swamp dragons (D)
  2 infernal demonspawn (D)
  A torturous demonspawn (D)
  A spriggan druid (D)
  2 glowing orange brains (D)
  2 wizards (D)
  4 ironbrand convokers (D)
  2 orc knights (D)
  2 deep elf archers (D)
  A necromancer (D)
  3 ugly things (D)
  A harpy (D)
  2 cyclopes (D)
  A manticore (D)
  4 orc sorcerers (D)
  3 wolf spiders (D)
  8 elephants (D)
  4 vault sentinels (D)
  A merfolk siren (D)
  11 moths of wrath (D)
  A guardian serpent (shapeshifter) (D)
  2 rust devils (D)
  A smoke demon (D)
  2 gargoyles (D)
  2 guardian serpents (D)
  4 naga magi (D)
  3 black mambas (D)
  2 spiny frogs (D)
  An orange demon (D)
  2 yaktaurs (D)
  A rime drake (D)
  5 komodo dragons (D)
  2 freezing wraiths (D)
  2 demonic crawlers (D)
  3 ice devils (D)
  6 red devils (D)
  A wandering mushroom (D)
  An ancient zyme (D)
  3 jumping spiders (D)
  2 hellwings (D)
  22 guardian mummies (D)
  A merfolk (D)
  A wind drake (D)
  A tyrant leech (D)
  2 hornets (D)
  2 hippogriffs (D)
  A slime creature (D)
  A bog body (D)
  A snapping turtle (D)
  A snapping turtle (shapeshifter) (D)
  4 redbacks (D)
  11 spriggans (D)
  6 large abominations (D)
  2 ynoxinuls (D)
  A yak (D)
  2 hogs (D)
  A tarantella (D)
  A human (D)
  A golden eye (D)
  A vampire mosquito (D)
  3 nagas (D)
  An acid dragon (D)
  An insubstantial wisp (D)
  A soldier ant (D)
  2 water moccasins (D)
  3 floating eyes (D)
  An ice beast (D)
  An eye of draining (D)
  A swamp drake (D)
  9 orc warriors (D)
  A phantom (D)
  A wolf (D)
  A centaur (D)
  3 crocodiles (D)
  A big kobold (D)
  A bullfrog (D)
  A killer bee (D)
  4 crimson imps (D)
  4 orc priests (D)
  11 orc wizards (D)
  A worker ant (D)
  An adder (D)
  An adder simulacrum (D)
  10 orcs (D)
  A jackal (D)
  2 kobolds (D)
  A frilled lizard (D)
  A leopard gecko skeleton (D)
  2 rats (D)
  2 crawling corpses (D)
572 creatures vanquished.

Vanquished Creatures (others)
  A merfolk impaler (D)
  A large abomination (D)
  A naga mage (D)
  A bog body (D)
  3 humans (D)
  A swamp drake (D)
  A quasit (D)
  A lurking horror (D)
10 creatures vanquished.

Grand Total: 582 creatures vanquished

Notes
Turn   | Place    | Note
-------+----------+-------------------------------------------
     0 | D        | diana the Demonspawn Gladiator began the quest for the Orb.
     0 | D        | Reached XP level 1. HP: 16/16 MP: 1/1
   125 | D        | Noticed a crimson imp
   125 | D        | Noticed a phantom
   125 | D        | Noticed a crimson imp
   132 | D        | Killed a crimson imp
   132 | D        | Reached skill level 5 in Staves
   132 | D        | Gained mutation: You are slightly more attuned to the
                  | shadows. [demonic ancestry]
   132 | D        | Reached XP level 2. HP: 15/25 MP: 2/2
   132 | D        | Reached XP level 3. HP: 18/30 MP: 3/3
   140 | D        | Reached XP level 4. HP: 18/38 MP: 4/4
   143 | D        | Reached skill level 5 in Fighting
   172 | D        | Found a roughly hewn altar of Beogh.
   172 | D        | Found a snail-covered altar of Cheibriados.
   172 | D        | Found a shadowy altar of Dithmenos.
   172 | D        | Found a white marble altar of Elyvilon.
   172 | D        | Found a blossoming altar of Fedhas.
   173 | D        | Found an opulent altar of Gozag.
   174 | D        | Found a hazy altar of Hepliaklqana.
   175 | D        | Found a viscous altar of Jiyva.
   239 | D        | Found an ancient bone altar of Kikubaaqudgha.
   240 | D        | Found a corrupted altar of Lugonu.
   247 | D        | Killed a phantom
   247 | D        | Reached XP level 5. HP: 20/47 MP: 5/5
   253 | D        | Found a burning altar of Makhleb.
   254 | D        | Found a sparkling altar of Nemelex Xobeh.
   255 | D        | Found an iron altar of Okawaru.
   256 | D        | Found a stormy altar of Qazlal.
   257 | D        | Found a sacrificial altar of Ru.
   258 | D        | Found a deep blue altar of Sif Muna.
   259 | D        | Found a bloodstained altar of Trog.
   260 | D        | Found a hide-covered altar of Uskayaw.
   261 | D        | Found a radiant altar of Vehumet.
   262 | D        | Found an ornate altar of the Wu Jian Council.
   263 | D        | Found a shimmering altar of Xom.
   264 | D        | Found a basalt altar of Yredelemnul.
   265 | D        | Found a glowing silver altar of Zin.
   266 | D        | Found a glowing golden altar of the Shining One.
   300 | D        | Became a worshipper of Warmaster Okawaru
   427 | D        | Noticed an eye of draining
   431 | D        | Noticed a hornet
   437 | D        | Gained mutation: You are partially covered in yellow
                  | scales. (AC +2) [demonic ancestry]
   437 | D        | Reached XP level 6. HP: 52/55 MP: 0/6
   445 | D        | Reached skill level 10 in Staves
   469 | D        | Killed a hornet
   469 | D        | Reached * piety under Okawaru
   469 | D        | Gained mutation: You are mostly covered in yellow scales.
                  | (AC +3) [demonic ancestry]
   469 | D        | Reached XP level 7. HP: 38/64 MP: 2/7
   653 | D        | Noticed a tengu warrior
   653 | D        | Noticed a manticore
   653 | D        | Noticed a hippogriff
   653 | D        | Noticed a gargoyle
   672 | D        | Killed a tengu warrior
   672 | D        | Reached ** piety under Okawaru
   672 | D        | Reached skill level 10 in Fighting
   672 | D        | Gained mutation: You are completely covered in yellow
                  | scales. (AC +4, rCorr) [demonic ancestry]
   672 | D        | Reached XP level 8. HP: 46/72 MP: 5/11
   679 | D        | Killed a manticore
   679 | D        | Reached *** piety under Okawaru
   679 | D        | Reached skill level 5 in Dodging
   690 | D        | Killed a hippogriff
   702 | D        | Killed a gargoyle
   702 | D        | Reached skill level 5 in Armour
   702 | D        | Gained mutation: You have sharp toenails. [demonic
                  | ancestry]
   702 | D        | Reached XP level 9. HP: 47/79 MP: 5/12
   709 | D        | Reached **** piety under Okawaru
   952 | D        | Noticed a spiny frog
   952 | D        | Noticed a komodo dragon
   954 | D        | Noticed a komodo dragon
   961 | D        | Killed a spiny frog
   965 | D        | Noticed a spiny frog
  1198 | D        | Killed a komodo dragon
  1212 | D        | Killed a komodo dragon
  1212 | D        | Reached ***** piety under Okawaru
  1214 | D        | Noticed a komodo dragon
  1217 | D        | Killed a spiny frog
  1248 | D        | Killed a komodo dragon
  1253 | D        | Received a gift from Okawaru
  1253 | D        | Reached XP level 10. HP: 38/95 MP: 11/13
  1374 | D        | Noticed a black mamba
  1535 | D        | Reached skill level 5 in Invocations
  1538 | D        | Killed a black mamba
  1549 | D        | Reached skill level 15 in Fighting
  1642 | D        | Noticed an elephant
  1642 | D        | Noticed an elephant
  1642 | D        | Noticed an elephant
  1642 | D        | Noticed an elephant
  1642 | D        | Noticed an elephant
  1655 | D        | Killed an elephant
  1656 | D        | Noticed an elephant
  1661 | D        | Killed an elephant
  1666 | D        | Noticed an elephant
  1671 | D        | Killed an elephant
  1680 | D        | Killed an elephant
  1685 | D        | Killed an elephant
  1690 | D        | Killed an elephant
  1702 | D        | Killed an elephant
  1702 | D        | Gained mutation: When hurt, damage is shared between your
                  | health and your magic reserves. [demonic ancestry]
  1702 | D        | Reached XP level 11. HP: 86/104 MP: 7/17
  1898 | D        | Noticed Sonja
  1938 | D        | Killed Sonja
  2319 | D        | Noticed an ettin
  2339 | D        | Killed an ettin
  2339 | D        | Reached skill level 10 in Dodging
  2493 | D        | Noticed an ettin
  2495 | D        | Noticed an orc knight
  2503 | D        | Killed an ettin
  2506 | D        | Reached skill level 10 in Armour
  2524 | D        | Killed an orc knight
  2961 | D        | Noticed an orc sorcerer
  2971 | D        | Killed an orc sorcerer
  2976 | D        | Noticed an orc sorcerer
  2979 | D        | Found Kely's Antique Armour Emporium.
  2981 | D        | Noticed an orc sorcerer
  2985 | D        | Killed an orc sorcerer
  2997 | D        | Killed an orc sorcerer
  2997 | D        | Reached ****** piety under Okawaru
  2997 | D        | Received a gift from Okawaru
  2998 | D        | Got a slimy quarterstaff {god gift}
  2999 | D        | Identified the +6 quarterstaff of Zesuis {freeze, rC++}
                  | (Okawaru gifted it to you in the Dungeon)
  3001 | D        | Found Ynuobloss's Jewellery Shoppe.
  3005 | D        | Found Vuqolong's Weapon Emporium.
  3009 | D        | Found Izi Nyn's Antique Armour Shoppe.
  3015 | D        | Noticed an orc sorcerer
  3031 | D        | Killed an orc sorcerer
  3050 | D        | Bought a +5 ring of strength for 535 gold pieces
  3050 | D        | Bought a +3 ring of slaying for 585 gold pieces
  3062 | D        | Bought a pair of runed gloves for 135 gold pieces
  3062 | D        | Bought an emerald-encrusted leather armour for 126 gold
                  | pieces
  3072 | D        | Identified the cursed +1 leather armour "Forget-Me-Not"
                  | {rF+ rCorr Str+3 Dex+2} (You bought it in a shop in the
                  | Dungeon)
  3164 | D        | Noticed Urug
  3175 | D        | Killed Urug
  3340 | D        | Got the +1 helmet of Oblivion {rF+ Int+2 Dex+4}
  3507 | D        | Noticed a death knight
  3507 | D        | Noticed an ogre mage
  3515 | D        | Killed a death knight
  3524 | D        | Noticed a fire dragon
  3528 | D        | Killed an ogre mage
  3528 | D        | Gained mutation: You regenerate magic rapidly. [demonic
                  | ancestry]
  3528 | D        | Reached XP level 12. HP: 116/116 MP: 11/18
  3530 | D        | Noticed an ice dragon
  3548 | D        | Noticed an ice dragon
  3549 | D        | Received a gift from Okawaru
  3553 | D        | Killed a fire dragon
  3559 | D        | Killed an ice dragon
  3560 | D        | Noticed an ogre mage
  3569 | D        | Killed an ice dragon
  3588 | D        | Killed an ogre mage
  3761 | D        | Noticed Agnes
  3761 | D        | Noticed Snorg
  3779 | D        | Killed Agnes
  3790 | D        | Killed Snorg
  3878 | D        | Noticed Donald
  3893 | D        | Killed Donald
  4041 | D        | Noticed an alligator
  4056 | D        | Killed an alligator
  4067 | D        | Noticed a four-headed hydra
  4079 | D        | Killed a four-headed hydra
  4079 | D        | Received a gift from Okawaru
  4134 | D        | Noticed a merfolk aquamancer
  4141 | D        | Killed a merfolk aquamancer
  4144 | D        | Reached XP level 13. HP: 110/126 MP: 11/19
  4237 | D        | Reached skill level 15 in Dodging
  4248 | D        | Killed a ghost moth
  4248 | D        | Reached skill level 15 in Armour
  4323 | D        | Noticed a nagaraja
  4333 | D        | Received a gift from Okawaru
  4349 | D        | Killed a nagaraja
  4349 | D        | Received a gift from Okawaru
  4366 | D        | Got a dull robe {god gift}
  4618 | D        | Noticed Kirke
  4638 | D        | Killed Kirke
  4720 | D        | Noticed an ettin
  4720 | D        | Noticed a fire giant
  4720 | D        | Noticed a stone giant
  4721 | D        | Noticed a shadow dragon
  4732 | D        | Killed an ettin
  4733 | D        | Paralysed by a great orb of eyes for 5 turns
  4753 | D        | Killed a fire giant
  4762 | D        | Killed a stone giant
  4791 | D        | Killed a shadow dragon
  4813 | D        | Noticed an ettin
  4819 | D        | Noticed an ettin
  4829 | D        | Reached XP level 14. HP: 105/138 MP: 20/20
  4841 | D        | Received a gift from Okawaru
  4842 | D        | Noticed a stone giant
  4856 | D        | Killed a stone giant
  5164 | D        | Noticed a cyan very ugly thing
  5172 | D        | Received a gift from Okawaru
  5177 | D        | Noticed an ironheart preserver
  5192 | D        | Noticed an ironheart preserver
  5199 | D        | Killed a cyan very ugly thing
  5200 | D        | Noticed a fire giant
  5215 | D        | Killed an ironheart preserver
  5226 | D        | Killed an ironheart preserver
  5239 | D        | Killed a fire giant
  5268 | D        | Noticed an Orb Guardian
  5341 | D        | Killed an Orb Guardian
  5696 | D        | Got a pair of slimy boots {god gift}
  5707 | D        | Identified the +0 robe of the Tortoise {+Inv rN+ Str+2}
                  | (Okawaru gifted it to you in the Dungeon)
  5717 | D        | Identified the +0 pair of boots of the Four Queens {rPois
                  | rC+ MR-} (Okawaru gifted it to you in the Dungeon)
  5768 | D        | Noticed Frederick
  5784 | D        | Killed Frederick
  5784 | D        | Received a gift from Okawaru
  5800 | D        | Noticed Margery
  5805 | D        | Gained mutation: You have razor-sharp toenails. [demonic
                  | ancestry]
  5805 | D        | Reached XP level 15. HP: 145/150 MP: 19/21
  5829 | D        | Killed Margery
  6096 | D        | Gained mutation: You are dopey. (Int -2) [potion of
                  | mutation]
  6096 | D        | Gained mutation: You have very sharp teeth. [potion of
                  | mutation]
  6096 | D        | Gained mutation: You are resistant to electric shocks.
                  | (rElec) [potion of mutation]
  6096 | D        | Gained mutation: You possess an exceptional clarity of
                  | mind. [potion of mutation]
  6133 | D        | Noticed Louise
  6152 | D        | Killed Louise
  6190 | D        | Noticed Sojobo
  6191 | D        | Noticed a tengu reaver
  6193 | D        | Noticed a tengu reaver
  6227 | D        | Killed Sojobo
  6243 | D        | Killed a tengu reaver
  6251 | D        | Killed a tengu reaver
  6251 | D        | Received a gift from Okawaru
  6696 | D        | Killed a ghost moth
  7175 | D        | Killed a ghost moth
  7175 | D        | Received a gift from Okawaru
  7198 | D        | Got a gossamer rune of Zot
  7670 | D        | Got a decaying rune of Zot
  7685 | D        | Noticed a nagaraja
  7691 | D        | Noticed a nagaraja
  7698 | D        | Killed a nagaraja
  7701 | D        | Noticed a nagaraja
  7710 | D        | Killed a nagaraja
  7716 | D        | Killed a nagaraja
  7716 | D        | Received a gift from Okawaru
  7716 | D        | Reached XP level 16. HP: 86/164 MP: 17/22
  8080 | D        | Got a serpentine rune of Zot
  8094 | D        | Noticed Ilsuiw
  8152 | D        | Killed Ilsuiw
  8203 | D        | Got a barnacled rune of Zot
  8468 | D        | Noticed Boris
  8479 | D        | Killed Boris
  8479 | D        | Received a gift from Okawaru
  8563 | D        | Reached skill level 27 in Fighting
  8579 | D        | Reached skill level 15 in Staves
  8584 | D        | Received a gift from Okawaru
  8776 | D        | Noticed a tengu reaver
  8781 | D        | Killed a tengu reaver
  8796 | D        | Received a gift from Okawaru
  8805 | D        | Noticed a shadow dragon
  8811 | D        | Noticed a tengu reaver
  8824 | D        | Noticed a shadow dragon
  8835 | D        | Killed a shadow dragon
  8839 | D        | Killed a tengu reaver
  8839 | D        | Gained mutation: When low on magic, you restore magic in
                  | place of health. [demonic ancestry]
  8839 | D        | Reached XP level 17. HP: 143/174 MP: 18/23
  8851 | D        | Received a gift from Okawaru
  8939 | D        | Noticed a tentacled monstrosity
  8968 | D        | Killed a tentacled monstrosity
  8975 | D        | Reached skill level 10 in Throwing
  9012 | D        | Got a steaming pewter ring
  9014 | D        | Got a silver rune of Zot
  9018 | D        | Got a pitted leather armour
  9051 | D        | Identified the +3 leather armour "Otigovurgh" {+Blink rElec
                  | rCorr SInv} (You found it in the Dungeon)
  9062 | D        | Identified the ring "Ruqoocoxt" {rC+ Str+5 Dex-3 Slay+4}
                  | (You found it in the Dungeon)
  9362 | D        | Got the amulet "Diul" {Gourm rN+ MR- Int+4}
  9364 | D        | Got the ring "Ucitodgh" {*Slow Str+3 Dex+4 Slay+3}
  9366 | D        | Got the ring of Free Will {Int+3 SInv}
  9368 | D        | Got the ring "Vaasa" {+Fly rF+++ AC+3 Str-4 Int+4}
  9370 | D        | Got the ring of Kofrul {Fire rElec Slay+2}
  9372 | D        | Found the +11 plutonium sword {*Contam Stlth-}
  9387 | D        | Got the +0 cloak "Joikauri" {rC- Regen+ Str+9 Int-2}
  9587 | D        | Noticed a golden dragon
  9589 | D        | Noticed a golden dragon
  9602 | D        | Killed a golden dragon
  9615 | D        | Killed a golden dragon
  9615 | D        | Reached skill level 15 in Throwing
  9641 | D        | Noticed a golden dragon
  9650 | D        | Noticed a bone dragon
  9654 | D        | Received a gift from Okawaru
  9661 | D        | Killed a golden dragon
  9679 | D        | Killed a bone dragon
  9861 | D        | Received a gift from Okawaru
  9863 | D        | Gained mutation: You have claws for feet. [demonic
                  | ancestry]
  9863 | D        | Reached XP level 18. HP: 163/182 MP: 4/24
  9904 | D        | Noticed a tentacled monstrosity
  9904 | D        | Noticed a tentacled monstrosity
  9913 | D        | Killed a tentacled monstrosity
  9919 | D        | Killed a tentacled monstrosity
  9926 | D        | Reached skill level 10 in Stealth
 10014 | D        | Noticed a curse toe
 10019 | D        | Killed a curse toe
 10019 | D        | Received a gift from Okawaru
 10023 | D        | Reached skill level 15 in Stealth
 10030 | D        | Noticed a golden dragon
 10059 | D        | Killed a golden dragon
 10073 | D        | Got a faintly glowing quarterstaff {god gift}
 10074 | D        | Identified the +2 quarterstaff of Tuenekio {crush, rN+ MR+
                  | Str-2} (Okawaru gifted it to you in the Dungeon)
 10315 | D        | Noticed an Orb Guardian
 10315 | D        | Noticed an Orb Guardian
 10315 | D        | Noticed an Orb Guardian
 10315 | D        | Noticed an Orb Guardian
 10315 | D        | Noticed an Orb Guardian
 10318 | D        | Noticed an Orb Guardian
 10319 | D        | Killed an Orb Guardian
 10320 | D        | Noticed an Orb Guardian
 10321 | D        | Killed an Orb Guardian
 10322 | D        | Noticed an Orb Guardian
 10327 | D        | Killed an Orb Guardian
 10330 | D        | Killed an Orb Guardian
 10330 | D        | Received a gift from Okawaru
 10331 | D        | Noticed an Orb Guardian
 10333 | D        | Killed an Orb Guardian
 10334 | D        | Noticed an Orb Guardian
 10336 | D        | Killed an Orb Guardian
 10338 | D        | Killed an Orb Guardian
 10341 | D        | Killed an Orb Guardian
 10346 | D        | Killed an Orb Guardian
 10350 | D        | Killed an Orb Guardian
 10355 | D        | Noticed a curse toe
 10355 | D        | Noticed a curse toe
 10355 | D        | Noticed an Orb Guardian
 10355 | D        | Noticed an Orb Guardian
 10357 | D        | Killed a curse toe
 10358 | D        | Noticed an Orb Guardian
 10360 | D        | Killed a curse toe
 10364 | D        | Noticed an Orb Guardian
 10364 | D        | Killed an Orb Guardian
 10364 | D        | Received a gift from Okawaru
 10368 | D        | Killed an Orb Guardian
 10380 | D        | Killed an Orb Guardian
 10387 | D        | Killed an Orb Guardian
 10544 | D        | Noticed an ancient lich
 10564 | D        | Killed an ancient lich
 10564 | D        | Reached skill level 27 in Stealth
 10564 | D        | Reached XP level 19. HP: 92/189 MP: 14/29
 10690 | D        | Noticed an orb of fire
 10699 | D        | Killed an orb of fire
 11796 | D        | Got the cursed +0 rapier "Lifebane" {flame, Str+2 Stlth+}
 12916 | D        | Noticed an electric golem
 12919 | D        | Killed an electric golem
 12919 | D        | Reached skill level 5 in Short Blades
 12921 | D        | Noticed a Killer Klown
 12921 | D        | Noticed an electric golem
 12921 | D        | Noticed an electric golem
 12924 | D        | Noticed a Killer Klown
 12925 | D        | Killed a Killer Klown
 12925 | D        | Reached skill level 10 in Short Blades
 12926 | D        | Noticed an orb of fire
 12927 | D        | Noticed an electric golem
 12934 | D        | Noticed an orb of fire
 12945 | D        | Killed an orb of fire
 12945 | D        | Received a gift from Okawaru
 12951 | D        | Killed a Killer Klown
 12951 | D        | Reached skill level 15 in Short Blades
 12954 | D        | Killed an electric golem
 12960 | D        | Killed an electric golem
 12966 | D        | Killed an orb of fire
 12985 | D        | Received a gift from Okawaru
 12997 | D        | Killed an electric golem
 13182 | D        | Gained mutation: Your flesh is cold resistant. (rC+)
                  | [demonic ancestry]
 13182 | D        | Reached XP level 20. HP: 66/197 MP: 20/35
 13191 | D        | Got the Orb of Zot
 13493 | D        | Reached skill level 27 in Short Blades
 13494 | D        | Paralysed by something for 3 turns
 13563 | D        | Received a gift from Okawaru
 13625 | D        | Received a gift from Okawaru
 13631 | D        | Reached skill level 15 in Spellcasting
 13643 | D        | Received a gift from Okawaru
 13681 | D        | Got an elven rune of Zot
 13717 | D        | Noticed the Royal Jelly
 13743 | D        | Killed the Royal Jelly
 13752 | D        | Paralysed by a floating eye for 4 turns
 13766 | D        | Paralysed by a floating eye for 4 turns
 13791 | D        | Paralysed by a floating eye for 2 turns
 13795 | D        | Received a gift from Okawaru
 13812 | D        | Got a slimy rune of Zot
 14130 | D        | Received a gift from Okawaru
 14131 | D        | Reached XP level 21. HP: 136/204 MP: 47/51
 14146 | D        | Lost mutation: You possess an exceptional clarity of mind.
                  | [potion of mutation]
 14146 | D        | Lost mutation: You are resistant to electric shocks.
                  | (rElec) [potion of mutation]
 14146 | D        | Gained mutation: Your natural rate of healing is unusually
                  | fast. [potion of mutation]
 14146 | D        | Gained mutation: Your body sometimes deteriorates upon
                  | taking damage. [potion of mutation]
 14146 | D        | Gained mutation: You are somewhat resistant to further
                  | mutation. [potion of mutation]
 14147 | D        | Lost mutation: You are somewhat resistant to further
                  | mutation. [potion of mutation]
 14147 | D        | Lost mutation: Your body sometimes deteriorates upon taking
                  | damage. [potion of mutation]
 14147 | D        | Lost mutation: You are dopey. (Int -2) [potion of mutation]
 14147 | D        | Gained mutation: You are dopey. (Int -2) [potion of
                  | mutation]
 14147 | D        | Gained mutation: Your magical capacity is low. (-10% MP)
                  | [potion of mutation]
 14147 | D        | Gained mutation: You are frail. (-10% HP) [potion of
                  | mutation]
 14147 | D        | Gained mutation: You are covered in fur. (AC +1) [potion of
                  | mutation]
 14148 | D        | Lost mutation: You are frail. (-10% HP) [potion of
                  | mutation]
 14148 | D        | Lost mutation: You have very sharp teeth. [potion of
                  | mutation]
 14148 | D        | Lost mutation: Your magical capacity is low. (-10% MP)
                  | [potion of mutation]
 14148 | D        | Gained mutation: You tend to lose your temper in combat.
                  | [potion of mutation]
 14148 | D        | Gained mutation: Scrolls take you a little longer to read.
                  | [potion of mutation]
 14148 | D        | Lost mutation: Scrolls take you a little longer to read.
                  | [potion of mutation]
 14197 | D        | Received a gift from Okawaru
 14197 | D        | Reached skill level 27 in Spellcasting
 14215 | D        | Reached skill level 15 in Invocations
 14218 | D        | Paralysed by a sphinx for 4 turns
 14225 | D        | Paralysed by a sphinx for 2 turns
 14231 | D        | Received a gift from Okawaru
 14464 | D        | Noticed a greater mummy
 14476 | D        | Killed a greater mummy
 14499 | D        | Noticed a greater mummy
 14595 | D        | Killed a greater mummy
 14595 | D        | Reached skill level 27 in Invocations
 14601 | D        | Noticed a greater mummy
 14609 | D        | Reached skill level 10 in Evocations
 14634 | D        | Killed a greater mummy
 14714 | D        | Got a golden rune of Zot
 14755 | D        | Got an abyssal rune of Zot
 14810 | D        | Reached skill level 15 in Evocations
 14874 | D        | Received a gift from Okawaru
 14943 | D        | Received a gift from Okawaru
 15042 | D        | Noticed Geryon
 15052 | D        | Killed Geryon
 15055 | D        | Noticed Ereshkigal
 15055 | D        | Noticed Gloorx Vloq
 15056 | D        | Noticed Antaeus
 15068 | D        | HP: 9/203 [??? (2)]
 15072 | D        | HP: 4/204 [poisoned by Gloorx Vloq (dark miasma)]
 15083 | D        | HP: 10/204 [Executioner[Ereshkigal] (3)]
 15085 | D        | HP: 3/204 [Executioner[Ereshkigal] (6)]
 15090 | D        | HP: 1/203 [poisoned by Gloorx Vloq (dark miasma)]
 15091 | D        | Engulfed by Gloorx Vloq's foul pestilence

Skill      XL: |  1  2  3  4  5  6  7  8  9 10 11 12 13 14 15 16 17 18 19 20 21 |
---------------+----------------------------------------------------------------+-----
Staves         | 5 6 8 9 11 12 13 14 21 22 23 | 23.1
Fighting       | 4 6 7 9 10 14 15 17 19 21 23 26 27 | 27.0
Armour         | 3 5 8 11 14 16 19 22 23 24 | 24.0
Dodging        | 4 6 9 12 14 17 19 22 23 24 | 24.1
Invocations    | 4 8 27 | 27.0
Throwing       | 22 | 22.9
Stealth        | 27 | 27.0
Spellcasting   | 7 11 26 27 | 27.0
Short Blades   | 24 27 | 27.0
Evocations     | 19 | 19.5

Action                   |  1- 3 |  4- 6 |  7- 9 | 10-12 | 13-15 | 16-18 | 19-21 || total
-------------------------+-------+-------+-------+-------+-------+-------+-------++-------
Melee: Quarterstaff      |    30 |    51 |   101 |   420 |   758 |    77 |       ||  1437
       Kick              |       |       |    31 |    54 |       |    85 |   368 ||   538
       Bite              |       |       |       |       |    75 |   152 |    74 ||   301
       Lajatang          |       |       |       |       |     3 |   609 |   657 ||  1269
       Dagger            |       |       |       |       |       |       |     8 ||     8
Throw: Javelin           |       |       |       |       |       |     1 |       ||     1
Invok: Heroism           |       |       |     4 |    11 |    14 |    10 |    10 ||    49
       Finesse           |       |       |       |     8 |    10 |     8 |     9 ||    35
Evoke: Wand              |       |       |       |     3 |       |       |       ||     3
  Use: Potion            |     1 |     2 |     1 |     1 |    12 |       |    15 ||    32
       Scroll            |       |       |       |     1 |    14 |     3 |     3 ||    21
 Stab: Sleeping          |       |       |       |     1 |       |     4 |     9 ||    14
       Distracted        |       |       |       |     1 |       |       |     1 ||     2
  Eat: Chunk             |       |       |     1 |     9 |     7 |     3 |     3 ||    23
       Ration            |       |       |       |       |     1 |     2 |     4 ||     7
Armor: Leather armour    |    12 |     2 |       |       |       |       |       ||    14
       Ring mail         |       |     8 |    17 |    31 |       |       |     3 ||    59
       Ice dragon scales |       |       |       |    16 |   197 |   161 |   184 ||   558
Dodge: Dodged            |    15 |    19 |    39 |   143 |   447 |   398 |   609 ||  1670
